 Dungeon Sprint DCSS version 0.21-a0-49-g7bf2ba4 (webtiles) character file.

5015 Kidiri the Grappler (level 10, 0/104 HPs)
             Began as a Troll Monk on June 10, 2017.
             Was the Champion of Wu Jian.
             Succumbed to a killer bee's poison
             ... in the Dungeon (Sprint III: "The Ten Rune Challenge").
             The game lasted 00:07:58 (923 turns).

Kidiri the Grappler (Troll Monk)                     Turns: 923, Time: 00:07:59

Health: 0/104      AC:  5    Str: 21    XL:     10   Next: 30%
Magic:  9/9        EV: 17    Int:  6    God:    Wu Jian [******]
Gold:   46         SH:  0    Dex: 15    Spells: 9/9 levels left

rFire    . . .     SeeInvis .     - Unarmed
rCold    . . .     Gourm    +   (no shield)
rNeg     . . .     Faith    .   a - +0 robe
rPois    .         Spirit   .   (helmet restricted)
rElec    .         Reflect  .   (no cloak)
rCorr    .         Harm     .   (gloves unavailable)
MR       .....     NoTele   +   (boots unavailable)
Stlth    ++........             (no amulet)
Regen    0.7/turn               (no ring)
MPRegen  0.2/turn               (no ring)

@: lethally poisoned (0 -> -10), glowing, heavenly storm
A: unfitting armour, claws 3, talons 1, fast metabolism 3, gourmand,
regeneration 1, shaggy fur 1, tough skin 2, evolution 1
a: Serpent's Lash, Heavenly Storm, Renounce Religion


You were in the Dungeon.
You worshipped Wu Jian.
Wu Jian was exalted by your worship.
You were not hungry.

You visited 1 branch You collected 46 gold pieces.

Inventory:

Hand Weapons
 g - a +0 shortbow
Missiles
 q - 56 arrows
Armour
 a - a +0 robe (worn)
Scrolls
 h - a scroll of blinking
 j - a scroll of enchant weapon {unknown}
 k - a scroll of holy word
 l - a scroll of identify {unknown}
 m - a scroll of remove curse
 p - a scroll of enchant armour {unknown}
Potions
 e - a potion of haste
 f - 2 potions of magic
 i - 3 potions of mutation
 o - 4 potions of flight
Comestibles
 b - 2 bread rations
 n - 3 royal jellies


   Skills:
 + Level 7.7 Fighting
 + Level 2.7 Bows
 + Level 7.1 Armour
 * Level 10.6 Dodging
 * Level 8.1 Stealth
 * Level 12.4 Unarmed Combat


You had 9 spell levels left.
You didn't know any spells.

Dungeon Overview and Level Annotations

Branches:
Dungeon (1/1)

Altars:
Cheibriados
Dithmenos
Elyvilon
Fedhas
Gozag
Hepliaklqana
Kikubaaqudgha
Makhleb
Nemelex Xobeh
Okawaru
Qazlal
Ru
Sif Muna
Trog
Uskayaw
Vehumet
Wu Jian
Xom
Yredelemnul
Zin
The Shining One
Beogh
Jiyva
Lugonu

Annotations:
D exclusion: door


Innate Abilities, Weirdness & Mutations

You are too large for most types of armour.
You have claws for hands.
Your metabolism is lightning-fast.
You like to eat raw meat.
Your natural rate of healing is unusually fast.
You are covered in fur. (AC +1)
You have very tough skin. (AC +2)
You have sharp toenails.
You evolve.


Message History

Unknown command.
Unknown command.
You mangle the killer bee!!
You kill the killer bee!
The Council accepts your kill.
You feel sick.
Unknown command.
You feel sick. The killer bee stings you!
* * * LOW HITPOINT WARNING * * *
You are more poisoned.
The killer bee poisons you!
* * * LOW HITPOINT WARNING * * *
You feel sick. The killer bee misses you.
Okay, then.
Unknown command.
Unknown command.
You mangle the killer bee!!
You kill the killer bee!
The Council accepts your kill.
You die...

## _# _# ## %# .# '#
.#+###########################
.#..≈§§'§#.'...+@#y#§#§y§yyyy#
.#.#§≈≈#§#.#...##§#§#§##y%yyy#
.'.#.§§#.#.#)..#§#§#§#y#yyyyy≈≈
.#.#.§§#...#)..##§#§#§##yyyyy≈≈
▓▓▓▓▓▓▓▓▓▓▓▓▓▓▓#.#.#.#.#yyyy%%.
##.#.#.##y%y.%%%
+.#.#.#.#%%%%%%%
##.#.#.######### #+#####


There were no monsters in sight!

Vanquished Creatures
  Snorg (D)
  A centaur warrior (D)
  2 unseen horrors (D)
  A deep elf mage (D)
  A queen bee (D)
  A shadow (D)
  A spatial vortex (D)
  A necrophage (D)
  2 centaurs (D)
  An earth elemental (D)
  A water elemental (D)
  20 killer bees (D)
  A jelly (D)
  Jessica (D)
  A necromancer (D)
  A wizard (D)
  A kobold demonologist (D)
  3 humans (D)
  An ooze (D)
  A phantom (D)
  2 rats (D)
45 creatures vanquished.

Vanquished Creatures (others)
  2 draconian scorchers (D)
  A yaktaur (D)
  6 hellions (D)
  A plant (D)
10 creatures vanquished.

Grand Total: 55 creatures vanquished

Notes
Turn   | Place    | Note
-------+----------+-------------------------------------------
     0 | D        | Kidiri the Troll Monk began the quest for the Orb.
     0 | D        | Reached XP level 1. HP: 22/22 MP: 0/0
    11 | D        | Noticed Jessica
    16 | D        | Killed Jessica
    16 | D        | Reached skill level 1 in Armour
    16 | D        | Reached skill level 4 in Unarmed Combat
    16 | D        | Reached XP level 2. HP: 30/31 MP: 1/1
    16 | D        | Reached XP level 3. HP: 35/37 MP: 2/2
    65 | D        | Killed a yaktaur
    92 | D        | Killed a hellion
    93 | D        | Killed a hellion
   114 | D        | Killed a hellion
   116 | D        | Killed a hellion
   117 | D        | Killed a hellion
   138 | D        | Killed a white draconian scorcher
   151 | D        | Killed a white draconian scorcher
   152 | D        | Gained mutation: You have sharp toenails. [potion of mutation]
   152 | D        | Gained mutation: You evolve. [potion of mutation]
   178 | D        | Noticed a water elemental
   187 | D        | Killed a water elemental
   187 | D        | Reached skill level 5 in Unarmed Combat
   187 | D        | Reached XP level 4. HP: 41/46 MP: 3/3
   195 | D        | Found an ornate altar of the Wu Jian Council.
   195 | D        | Found an iron altar of Okawaru.
   196 | D        | Found a roughly hewn altar of Beogh.
   196 | D        | Found a bloodstained altar of Trog.
   196 | D        | Found a hide-covered altar of Uskayaw.
   196 | D        | Noticed a human
   196 | D        | Noticed a human
   198 | D        | Became a worshipper of the Wu Jian Council
   198 | D        | Reached * piety under Wu Jian
   198 | D        | Reached ** piety under Wu Jian
   202 | D        | Killed a human
   202 | D        | Reached skill level 5 in Dodging
   202 | D        | Reached skill level 6 in Unarmed Combat
   202 | D        | Reached XP level 5. HP: 52/54 MP: 4/4
   204 | D        | Killed a human
   204 | D        | Reached skill level 7 in Unarmed Combat
   204 | D        | Reached XP level 6. HP: 64/65 MP: 5/5
   243 | D        | Found a radiant altar of Vehumet.
   244 | D        | Found a deep blue altar of Sif Muna.
   244 | D        | Found an ancient bone altar of Kikubaaqudgha.
   246 | D        | Reached *** piety under Wu Jian
   266 | D        | Found a glowing silver altar of Zin.
   267 | D        | Found a glowing golden altar of the Shining One.
   267 | D        | Found a white marble altar of Elyvilon.
   267 | D        | Noticed a deep elf mage
   269 | D        | Killed a deep elf mage
   269 | D        | Reached skill level 5 in Fighting
   269 | D        | Reached skill level 5 in Stealth
   269 | D        | Reached skill level 9 in Unarmed Combat
   269 | D        | Reached XP level 7. HP: 72/72 MP: 6/6
   286 | D        | Found a basalt altar of Yredelemnul.
   286 | D        | Found a shadowy altar of Dithmenos.
   286 | D        | Found a sacrificial altar of Ru.
   309 | D        | Killed a hellion
   382 | D        | Noticed a shadow
   385 | D        | Killed a shadow
   385 | D        | Reached **** piety under Wu Jian
   385 | D        | Reached skill level 5 in Armour
   385 | D        | Reached XP level 8. HP: 73/83 MP: 7/7
   402 | D        | Found a blossoming altar of Fedhas.
   402 | D        | Found a stormy altar of Qazlal.
   402 | D        | Found a snail-covered altar of Cheibriados.
   402 | D        | Found a burning altar of Makhleb.
   402 | D        | Found a shimmering altar of Xom.
   403 | D        | Found a hazy altar of Hepliaklqana.
   403 | D        | Found an opulent altar of Gozag.
   403 | D        | Found a sparkling altar of Nemelex Xobeh.
   403 | D        | Found a corrupted altar of Lugonu.
   403 | D        | Found a viscous altar of Jiyva.
   466 | D        | Noticed Snorg
   472 | D        | Killed Snorg
   472 | D        | Reached skill level 10 in Unarmed Combat
   472 | D        | Reached XP level 9. HP: 52/92 MP: 8/8
   767 | D        | Noticed a centaur warrior
   773 | D        | Killed a centaur warrior
   773 | D        | Reached ***** piety under Wu Jian
   773 | D        | Reached skill level 11 in Unarmed Combat
   825 | D        | Killed an unseen horror
   825 | D        | Reached skill level 1 in Bows
   825 | D        | Reached skill level 10 in Dodging
   863 | D        | Noticed an unseen horror
   863 | D        | Killed an unseen horror
   863 | D        | Reached skill level 12 in Unarmed Combat
   863 | D        | Reached XP level 10. HP: 62/102 MP: 9/9
   921 | D        | HP: 3/104 [killer bee (8)]
   923 | D        | Reached ****** piety under Wu Jian
   923 | D        | Succumbed to a killer bee's poison

Vault maps used:
D:        dungeon_sprint_mu

Skill      XL: |  1  2  3  4  5  6  7  8  9 10 |
---------------+-------------------------------+-----
Fighting       | 3 4 5 6 7 |  7.7
Armour         | 1 2 3 4 5 6 7 |  7.1
Dodging        | 3 4 5 6 7 9 10 | 10.6
Stealth        | 2 3 4 5 6 7 8 |  8.1
Unarmed Combat | 4 5 6 7 9 10 12 | 12.4
Bows           | 1 2 |  2.7

Action                   |  1- 3 |  4- 6 |  7- 9 | 10-12 || total
-------------------------+-------+-------+-------+-------++-------
Melee: Unarmed           |    34 |    13 |    60 |    39 ||   146
       Kick              |     3 |     4 |    16 |     2 ||    25
       Punch             |     2 |       |     6 |       ||     8
Invok: Serpent's Lash    |       |       |     2 |       ||     2
       Heavenly Storm    |       |       |     1 |     1 ||     2
  Use: Scroll            |     2 |       |       |       ||     2
       Potion            |     1 |     1 |     2 |     1 ||     5
 Stab: Sleeping          |     1 |     1 |     7 |       ||     9
  Eat: Chunk             |     1 |       |     5 |       ||     6
Armor: Robe              |     1 |     4 |    12 |     7 ||    24
Dodge: Dodged            |    18 |     4 |    21 |    35 ||    78
